Map: Kairos Junction LE

Players

Spazymazy - Winner!

  • Race: Zerg Zerg
  • Spawn Location: 5:00

sleepCOW

  • Race: Zerg Zerg
  • Spawn Location: 11:00

Event: 2019 WCS Summer

VOD

Have the link to the VOD?

Description

Time

  • Played on: July 12, 2019, 6:56 a.m.
  • Length: 9:08

All games in this series

Show
View Real Time Build Order
Export as new Build Order

Spazymazy Zerg - Winner!

Build Orders: Pool First 

Get SALT Encoding   

  12  0:17  Spawning Pool  
  11  0:22  Drone  
  11  0:26  Drone  
  13  0:31  Drone  
  14  0:44  Overlord  
  14  1:03  Zergling x2  
  14  1:04  Zergling x2  
  16  1:05  Zergling x2  
  17  1:15  Zergling x2  
  18  1:19  Hatchery  
  17  1:26  Zergling x2  
  18  1:34  Queen  
  18  1:38  Drone  
  21  1:48  Overlord  
  21  2:03  Drone  
  22  2:11  Drone  
  22  2:13  Queen  
  25  2:20  Drone  
  25  2:32  Queen  
  25  2:34  Drone x2  
  27  2:41  Spine Crawler  
  27  2:44  Drone x2  
  27  2:48  Drone x2  
  30  2:53  Overlord  
  30  2:59  Drone x2  
  30  3:05  Drone  
  33  3:12  Drone  
  34  3:14  Drone, Extractor  
  34  3:15  Extractor  
  35  3:23  Evolution Chamber  
  35  3:24  Evolution Chamber x2  
  32  3:27  Zergling x6  
  35  3:34  Zergling x2  
  35  3:37  Zergling x2  
  36  3:41  Zergling x8  
  36  3:58  Zergling x4, Evolution Chamber  
  37  4:06  Drone x2  
  39  4:12  Roach Warren  
  39  4:17  Drone x2  
  40  4:22  Overlord  
  40  4:24  Drone  
  41  4:29  Extractor  
  41  4:30  Drone  
  41  4:31  Extractor  
  40  4:41  Overlord  
  40  4:44  Drone x2  
  42  4:47  Drone x3  
  45  4:55  Drone x2  
  45  4:58  Extractor  
  45  4:59  Queen  
  48  5:01  Drone x2  
  50  5:10  Overlord  
  50  5:20  Zerg Missile Weapons Level 1  
  50  5:21  Overlord  
  49  5:28  Overlord  
  49  5:32  Drone x2  
  49  5:33  Drone  
  49  5:34  Roach  
  49  5:35  Extractor  
  53  5:38  Lair  
  53  5:47  Roach  
  53  5:48  Roach x2  
  59  5:56  Roach x2  
  64  6:04  Drone  
  64  6:05  Drone x4  
  69  6:21  Hatchery  
  68  6:26  Drone x2  
  68  6:27  Drone x2  
  68  6:29  Extractor  
  71  6:38  Glial Reconstitution  
  71  6:39  Overseer  
  71  6:40  Overlord  
  71  6:44  Overlord  
  71  6:48  Zerg Ground Armor Level 1, Roach x2  
  79  6:54  Roach x2  
  79  7:06  Nydus Network  
  79  7:08  Roach x4  
  86  7:19  Overlord  
  86  7:20  Roach x3  
  92  7:25  Overlord  
  92  7:29  Overlord  
  92  7:35  Overlord  
  92  7:36  Roach x2  
  94  7:45  Nydus Canal  
  94  7:49  Roach x3  
  94  7:50  Roach  
  98  7:53  Roach x2  
  98  7:57  Drone x2  
  99  8:05  Drone  
  99  8:06  Roach x2  
  99  8:11  Roach x2  
  108  8:14  Drone  
  108  8:16  Drone  
  108  8:17  Drone  
  108  8:18  Drone  
  108  8:19  Drone x2  
  114  8:23  Overlord  
  114  8:25  Extractor  
  114  8:26  Drone  
  114  8:27  Drone  
  115  8:28  Drone  
  116  8:34  Drone x2  
  116  8:38  Nydus Canal  
  116  8:42  Drone  
  112  8:48  Drone x2  
  123  9:05  Extractor  
Show
View Real Time Build Order
Export as new Build Order

sleepCOW Zerg 

Build Orders: Pool First 

Get SALT Encoding   

  12  0:00  Drone  
  13  0:12  Overlord  
  13  0:16  Drone  
  14  0:30  Drone x2  
  14  0:34  Drone  
  17  0:44  Extractor  
  17  0:45  Drone  
  17  0:50  Spawning Pool  
  17  0:55  Drone  
  17  1:06  Drone  
  18  1:16  Hatchery  
  17  1:37  Zergling x4, Queen  
  17  1:39  Zergling x2  
  22  1:50  Metabolic Boost  
  22  1:55  Overlord  
  22  2:15  Zergling x4  
  23  2:29  Zergling x4  
  25  2:34  Zergling x2  
  26  2:52  Hatchery  
  26  2:56  Zergling x8  
  29  3:07  Overlord  
  29  3:24  Overlord  
  29  3:27  Zergling x2  
  26  3:43  Zergling x6  
  21  3:56  Zergling x2  
  23  4:02  Zergling x2  
  23  4:03  Zergling x4, Queen  
  23  4:05  Zergling x2  
  27  4:10  Drone  
  27  4:16  Drone, Queen  
  29  4:20  Drone  
  32  4:28  Drone  
  33  4:31  Drone  
  33  4:37  Drone  
  35  4:44  Drone  
  36  4:50  Drone  
  37  4:58  Drone x2  
  39  5:07  Drone  
  39  5:08  Overlord  
  40  5:20  Spine Crawler  
  40  5:21  Drone x4, Spine Crawler  
  43  5:23  Spine Crawler  
  40  5:30  Drone x2  
  40  5:31  Drone x3  
  45  5:40  Overlord  
  45  5:48  Evolution Chamber  
  43  5:50  Drone, Roach Warren  
  43  6:03  Drone x6  
  43  6:04  Drone x2  
  51  6:06  Lair, Extractor  
  51  6:08  Extractor  
  49  6:14  Zerg Missile Weapons Level 1  
  49  6:16  Drone, Extractor  
  49  6:17  Drone x2  
  51  6:29  Drone x2  
  51  6:41  Overlord  
  51  6:46  Drone x3  
  54  6:50  Drone x4, Overlord  
  54  6:54  Overlord  
  58  7:12  Glial Reconstitution  
  58  7:13  Roach x6  
  58  7:15  Roach x3  
  76  7:23  Roach  
  78  7:34  Roach  
  78  7:35  Roach  
  82  7:40  Roach  
  82  7:41  Overlord  
  82  7:42  Overlord  
  82  7:56  Overlord x2  
  82  7:59  Queen  
  82  8:05  Roach x4  
  89  8:15  Roach x4  
  95  8:24  Roach  
  97  8:32  Roach  
  97  8:33  Roach  
  81  8:44  Roach  
Tags
 
Add a new tag
Caveats
  • Supply blocks, unpowered buildings, or Contaminate may cause inaccurate times.
  • Supply counts are checked every 10 seconds.